 Dungeon Crawl Stone Soup version 0.20.0-10-g0535bb4 (webtiles) character file.

117 Peloso the Shield-Bearer (level 4, -1/40 HPs)
             Began as a Minotaur Fighter on June 4, 2017.
             Slain by a gnoll
             ... wielding a +0 spear
              (4 damage)
             ... on level 3 of the Dungeon.
             The game lasted 00:05:52 (2804 turns).

Peloso the Shield-Bearer (Minotaur Fighter)         Turns: 2804, Time: 00:05:53

Health: -1/40      AC:  8    Str: 20    XL:     4   Next: 71%
Magic:  3/3        EV:  7    Int:  5    God:
Gold:   105        SH:  9    Dex: 11    Spells: 3/3 levels left

rFire    . . .     SeeInvis .   a - +0 long sword
rCold    . . .     Gourm    .   c - +0 shield
rNeg     . . .     Faith    .   b - +0 scale mail
rPois    .         Spirit   .   (helmet restricted)
rElec    .         Reflect  .   (no cloak)
rCorr    .         Harm     .   (no gloves)
MR       .....                  n - +0 pair of boots
Stlth    ..........             o - amulet of magic regeneration
Regen    0.2/turn               (no ring)
MPRegen  0.2/turn               (no ring)

@: no status effects
A: retaliatory headbutt, horns 2
a: no special abilities


You were on level 3 of the Dungeon.
You were not hungry.

You visited 1 branch of the dungeon, and saw 3 of its levels.
You also visited: Sewer.

You collected 105 gold pieces.

Inventory:

Hand Weapons
 a - a +0 long sword (weapon)
 s - a cursed -2 whip
Armour
 b - a +0 scale mail (worn)
 c - a +0 shield (worn)
 n - a +0 pair of boots (worn)
Jewellery
 o - an amulet of magic regeneration (around neck)
Scrolls
 e - a scroll of identify {unknown}
 g - a scroll of immolation {unknown}
 i - 3 scrolls of remove curse {unknown}
 k - 3 scrolls of teleportation {unknown}
Potions
 d - a potion of might
 h - 2 potions of flight {unknown}
 j - 3 potions of curing {unknown}
 p - a potion of haste {unknown}
 q - a potion of heal wounds {unknown}
 r - a potion of magic {unknown}
Comestibles
 f - 3 bread rations
 l - 2 fruits
 m - 3 meat rations
 t - 2 chunks of flesh
 u - 2 royal jellies


   Skills:
 + Level 4.2 Fighting
 + Level 4.1 Long Blades
 + Level 4.2 Armour
 + Level 0.4 Dodging
 + Level 4.7 Shields


You had 3 spell levels left.
You didn't know any spells.

Dungeon Overview and Level Annotations

Branches:
Dungeon (3/15)

Altars:


Innate Abilities, Weirdness & Mutations

You reflexively headbutt those who attack you in melee.
You have a pair of horns on your head.


Message History

The gnoll hits you with a halberd.
* * * LOW HITPOINT WARNING * * *
You block the gnoll's attack.
You hit the gnoll but do no damage.
The gnoll is moderately wounded.
The gnoll hits you with a halberd.
* * * LOW HITPOINT WARNING * * *
You block the gnoll's attack.
You slash the gnoll!
The gnoll is severely wounded.
The gnoll hits you but does no damage. The gnoll hits you with a halberd.
* * * LOW HITPOINT WARNING * * *
You slash the gnoll!
You kill the gnoll!
The gnoll barely misses you. The gnoll hits you but does no damage.
Things that are here:
a halberd; a gnoll corpse The gnoll hits you from afar with a spear.
You die...

#.......>..?
#...........
#...........
#...........
#.)........)
#.†.........
#...........
##########'########.
#..@)ggg...######
##.####.........#
#.# #.........# #.#
#.........# #.#
#.........# #.#
#.........#### #.#
#..........÷.. #.#
#########'#### #.#
#.......#


You could see 3 gnolls.

Vanquished Creatures
  A gnoll (D:3)
  2 adders (Sewer)
  An ooze (D:1)
  3 worms
  3 dart slugs
  7 ball pythons
  A giant cockroach (D:3)
  7 hobgoblins
  5 jackals (Sewer)
  A quokka (D:2)
  7 bats
  7 frilled lizards
  10 goblins
  12 kobolds
  6 rats
  2 plants (Sewer)
75 creatures vanquished.

Vanquished Creatures (others)
  A plant (Sewer)
1 creature vanquished.

Grand Total: 76 creatures vanquished

Notes
Turn   | Place    | Note
-------+----------+-------------------------------------------
     0 | D:1      | Peloso the Minotaur Fighter began the quest for the Orb.
     0 | D:1      | Reached XP level 1. HP: 19/19 MP: 0/0
   292 | D:1      | Reached XP level 2. HP: 22/27 MP: 1/1
   895 | D:2      | Reached XP level 3. HP: 33/33 MP: 2/2
  1461 | D:3      | Found a glowing drain.
  1494 | Sewer    | Entered a sewer
  1601 | Sewer    | Reached XP level 4. HP: 31/40 MP: 3/3
  2804 | D:3      | Slain by a gnoll

Skill      XL: |  1  2  3  4 |
---------------+-------------+-----
Shields        | 4 |  4.7
Long Blades    | 3 4 |  4.1
Armour         | 4 |  4.2
Fighting       | 4 |  4.2
Dodging        | |  0.4

Action                   |  1- 3 |  4- 6 || total
-------------------------+-------+-------++-------
Melee: Long sword        |   128 |   103 ||   231
       Headbutt          |    16 |    11 ||    27
  Eat: Chunk             |     2 |     5 ||     7
Armor: Scale mail        |    66 |    35 ||   101
Dodge: Dodged            |    28 |    22 ||    50
Block: Shield            |    69 |    29 ||    98
       Rpst.: Long sword |     5 |     3 ||     8
